[Event "*** Titled Tuesday Blitz"]
[Site "Chess.com"]
[Date "2020.10.20"]
[Round "7"]
[White "TST2014"]
[Black "Arfan48"]
[Result "0-1"]
[WhiteElo "2500"]
[BlackElo "2392"]
[TimeControl "180+1"]
[EndTime "11:20:44 PDT"]
[Termination "Arfan48 won on time"]

1. d4 d5 2. c4 c6 3. Nf3 Nf6 4.
Nc3 dxc4 5. a4 Bf5 6. Ne5 e6 7. f3 Bb4 8. Nxc4 a5 9. e4 Nxe4 10. fxe4 Qh4+ 11. Kd2 Qxe4 12. Qf3 Qxd4+ 13. Bd3 O-O 14.
Ke2 Bg4 15. Be3 Bxf3+ 16. gxf3 Qf6 17. Ne4 Qe7 18. Rhg1 Nd7 19. Bh6 g6 20. Bg5 f6 21.
Bh6 Nc5 22. Nxc5 Qxc5 23. b3 Rfd8 24. Be3 Qh5 25. Bf4 Rxd3 26. Kxd3 Qxf3+ 27. Be3 Rd8+ 28. Kc2 Qe2+ 29. Kb1 Rd1+ 30. Rxd1 Qxd1+ 31. Ka2 Qe2+ 32. Kb1 Bc3 33. Ra2 Qd1+ 34. Bc1 Qxb3+ 35. Nb2 Bxb2 36. Rxb2 Qd3+ 37. Ka1 Qd4 38. Kb1 b5 39. axb5 cxb5 40. Rc2 Qb4+ 41. Bb2 Qe1+ 42. Ka2 e5 43. Rc5 Qb4 44. Ba3 Qd2+ 45. Kb1 Qxh2 46. Rxb5 Qh1+ 47.
Kb2 Kg7 48. Rxa5 Qg2+ 49. Kb3 Qb7+ 50. Bb4 g5 51. Kc4 Kg6 52. Bc5 Qe4+ 53. Kc3 Qe1+ 54.
Kc4 Qxa5 55. Bb4 Qa6+ 56. Kc5 g4 0-1

[Event "*** Titled Tuesday Blitz"]
[Site "Chess.com"]
[Date "2020.10.20"]
[Round "7"]
[White "mr65"]
[Black "canary2016"]
[Result "1/2-1/2"]
[WhiteElo "2158"]
[BlackElo "1944"]
[TimeControl "180+1"]
[EndTime "11:20:44 PDT"]
[Termination "Game drawn by repetition"]

1. e4 e5 2. Nf3 Nf6 3. Nc3 Bb4 4.
Bc4 O-O 5. O-O d6 6. Re1 Bg4 7. h3 Bh5 8. Nd5 Nxd5 9. Bxd5 c6 10. Bb3 Nd7 11. c3 Ba5 12. d4 exd4 13. cxd4 Bxe1 14.
Qxe1 Bxf3 15. gxf3 Nb6 16. Be3 Qf6 17. Qe2 Rfe8 18. Kh2 Rad8 19. Rg1 h6 20. Rg4 Nd7 21. Rf4 Qe7 22. Rxf7 Qxf7 23. Bxf7+ Kxf7 24. Qc4+ Kf8 25. Qb4 Nb6 26. a4 Re7 27. a5 Na8 28. Bf4 Red7 29. e5 Nc7 30. e6 Nxe6 31. Bg3 Ng5 32. Kg2 Kf7 33. Bh4 Re8 34. Bxg5 hxg5 35. Kg3 Re6 36. Kg4 Kg6 37. Qc4 Rf6 38. Qd3+ Kf7 39. Kxg5 Re7 40.
Kg4 Ree6 41. Kg3 Rg6+ 42. Kh2 Ref6 43. Qe4 Rg5 44. f4 Rgf5 45. Kg3 d5 46. Qe3 Kg6 47. h4 Rf7 48. Kf3 R7f6 49. Kg3 Rf7 50. Qe6+ R7f6 51.
Qe8+ Rf7 52. Kg4 Rxf4+ 53. Kg3 Rf3+ 54. Kg4 Rxf2 55. Kg3 Rf3+ 56. Kg2 Rf2+ 57. Kg3 Rf3+ 58. Kg2 Rf2+ 59. Kg3 1/2-1/2

[Event "*** Titled Tuesday Blitz"]
[Site "Chess.com"]
[Date "2020.10.20"]
[Round "7"]
[White "shriyanasmallya"]
[Black "Pertinhez76"]
[Result "0-1"]
[WhiteElo "1657"]
[BlackElo "2141"]
[TimeControl "180+1"]
[EndTime "11:20:45 PDT"]
[Termination "Pertinhez76 won by checkmate"]

1. e4 e6 2. d4 d5 3. e5 c5 4. c3 Nc6 5. Nf3 Bd7 6. Be3 cxd4 7. cxd4 Qb6 8. Qd2 Nge7 9. Nc3 a6 10. Bd3 Na5 11. O-O Rc8 12. Rac1 Ng6 13. b3 Bb4 14. Rc2 O-O 15. Rfc1 Ba3 16. Rd1 Rc7 17. Na4 Bxa4 18. bxa4 Rfc8 19. Rxc7 Qxc7 20. h3 Qc3 21. Qxc3 Rxc3 22.
Bxg6 hxg6 23. Bd2 Rd3 24. Ne1 Rxd4 25. Nc2 Rxd2 26. Rxd2 Bb2 27. Ne3 Bxe5 28. Rc2 Nc6 29. Ng4 Bd6 30. a3 f5 31. Ne3 Kf7 32. Nd1 e5 33.
Nc3 Ke6 34. Rd2 d4 35. Na2 a5 36. Nc1 e4 37. Nb3 Ke5 38. Ra2 g5 39. Nd2 d3 40.
Nc4+ Kd5 41. Ne3+ Ke6 42. Rb2 Bc5 43. Rxb7 f4 44. Nd1 e3 45. fxe3 fxe3 46. Kf1 e2+ 47. Ke1 exd1=Q+ 48. Kxd1 Kd5 49. Kd2 Ne5 50. Kd1 Ke4 51.
Rxg7 Bxa3 52. Rxg5 Bb4 53. Rg8 Nc4 54. Re8+ Kd4 55. g4 Ne3+ 56. Rxe3 d2 57. g5 Kxe3 58. g6 Bf8 59. g7 Bxg7 60. h4 Bh6 61. h5 Kd4 62.
Kc2 Kc4 63. Kd1 Kb4 64. Ke2 Kxa4 65. Kd1 Kb3 66. Ke2 a4 67. Kf3 a3 68. Ke2 a2 69.
Kd1 a1=Q+ 70. Ke2 d1=Q+ 71. Kf2 Qad4+ 72. Kg3 Q1g1+ 73. Kf3 Qdg4# 0-1

[Event "*** Titled Tuesday Blitz"]
[Site "Chess.com"]
[Date "2020.10.20"]
[Round "7"]
[White "As0nchess"]
[Black "GiantThresher"]
[Result "1-0"]
[WhiteElo "2623"]
[BlackElo "2817"]
[TimeControl "180+1"]
[EndTime "11:20:47 PDT"]
[Termination "As0nchess won by resignation"]

1. e4 e6 2. d4 d5 3. Nd2 c5 4.
exd5 exd5 5. Ngf3 Nc6 6. Bb5 Qe7+ 7. Be2 Qc7 8. O-O Nf6 9. Re1 Be6 10. dxc5 Bxc5 11.
Nb3 Bb6 12. Nfd4 O-O 13. c3 Rae8 14. Be3 Bd7 15. Nb5 Qd8 16. Bxb6 Qxb6 17. N5d4 Ne5 18. Qc2 Re7 19. Bf1 Rfe8 20. Re2 Bg4 21. Re3 Nc4 22. Rxe7 Rxe7 23. Bxc4 dxc4 24. Nd2 Qc5 25. h3 Bh5 26.
Qa4 Rc7 27. Re1 h6 28. N2f3 Bxf3 29. Nxf3 b5 30. Qa6 Qc6 31. Qa5 Rb7 32. Qd8+ Kh7 33. Nd4 Qd7 34. Qf8 b4 35. Re3 bxc3 36. bxc3 Rb1+ 37. Kh2 Qc7+ 38. g3 Rb8 39. Qa3 Nd5 40. Rf3 Qe7 41. Qa5 Qd7 42. Rf5 Nf6 43. Qe5 Re8 44.
Qf4 Kg8 45. Rxf6 gxf6 46. Qxf6 Qe7 47. Qxh6 Qe5 48. h4 Qe1 49. Qf6 Qe5 50. Qf3 Qe4 51. Qh5 Qg6 52. Qb5 Rc8 53. Nf5 Qf6 54. Qd7 Kf8 55. Qxc8+ 1-0

[Event "*** Titled Tuesday Blitz"]
[Site "Chess.com"]
[Date "2020.10.20"]
[Round "7"]
[White "Orest_Vovk"]
[Black "K_A_S_T_O_R"]
[Result "1/2-1/2"]
[WhiteElo "2520"]
[BlackElo "2826"]
[TimeControl "180+1"]
[EndTime "11:20:49 PDT"]
[Termination "Game drawn by repetition"]

1. h3 d5 2. e4 dxe4 3. Nc3 Nf6 4. Qe2 Nc6 5. Nxe4 Nd4 6. Nxf6+ gxf6 7. Qd1 Bf5 8. d3 e5 9. Be3 Qd5 10. c3 Nc6 11.
Qb3 O-O-O 12. Qxd5 Rxd5 13. O-O-O Be7 14. g4 Bg6 15. f4 f5 16. Bg2 exf4 17. Bxd5 fxe3 18.
Nf3 f4 19. Be4 Bf6 20. Rdf1 Bxe4 21. dxe4 Re8 22. e5 Nxe5 23. Nd4 Bh4 24. Kc2 Bf2 25.
Rh2 Bg3 26. Rg2 Nc6 27. Ne2 Rd8 28. Nxf4 Bf2 29. Rgxf2 exf2 30. Rxf2 Ne5 31. Nh5 Rd6 32. Rf5 Re6 33. Nf4 Re8 34. Nd5 h6 35. Nf6 Re6 36. Ng8 Nc4 37. Kb3 Nd2+ 38. Kc2 Nc4 39. Kb3 Nd2+ 40. Kc2 Ne4 41. Rh5 Ng5 42. Rxh6 Re2+ 43. Kd3 Rh2 44. Ne7+ Kd7 45. Nf5 Rxh3+ 46. Rxh3 Nxh3 47.
Ke4 Ng5+ 48. Kf4 f6 49. Ne3 Ke6 50. Nc2 Nf7 51. Nd4+ Ke7 52. Kf5 Nd6+ 53. Kg6 Nf7 54. Nf5+ Ke6 55. Ng7+ Ke7 56. Nf5+ Ke6 57. Ng7+ Ke7 58.
Nf5+ 1/2-1/2

[Event "*** Titled Tuesday Blitz"]
[Site "Chess.com"]
[Date "2020.10.20"]
[Round "7"]
[White "sergeikim"]
[Black "ENajer77"]
[Result "0-1"]
[WhiteElo "2538"]
[BlackElo "2701"]
[TimeControl "180+1"]
[EndTime "11:20:49 PDT"]
[Termination "ENajer77 won by resignation"]

1. d4 Nf6 2. c4 e6 3. Nc3 Bb4 4. Qc2 O-O 5. a3 Bxc3+ 6. Qxc3 b6 7. Nf3 Bb7 8. g3 d6 9. Bg2 Nbd7 10. O-O Qe7 11.
b3 a6 12. Bb2 Rfd8 13. Bh3 a5 14. Nd2 c5 15. e3 h5 16. f3 h4 17. Rae1 hxg3 18. hxg3 Nh5 19. Kh2 Qg5 20. Rg1 Ndf6 21. g4 Nf4 22. exf4 Qxf4+ 23. Rg3 d5 24. Qe3 Qxe3 25. Rxe3 cxd4 26. Re1 a4 27. cxd5 Nxd5 28.
b4 Nf4 29. Ne4 Rac8 30. Rc1 Rxc1 31. Bxc1 Ne2 32. Rg1 Rc8 33. Bd2 Bxe4 34. Re1 Bd3 35. Bf1 Rc2 36. Bg5 f6 37. Bxe2 Rxe2+ 38. Rxe2 Bxe2 39.
Bf4 e5 40. Bd2 Kf7 41. Kg3 Ke6 42. Kf2 Bd1 43. b5 Kd5 44. Bb4 g6 45. Be7 f5 46.
g5 e4 47. fxe4+ fxe4 48. Ke1 Bb3 49. Kd2 Bc4 50. Bd8 Bxb5 51. Bxb6 e3+ 52. Ke1 Ke4 53. Ba5 d3 0-1

[Event "*** Titled Tuesday Blitz"]
[Site "Chess.com"]
[Date "2020.10.20"]
[Round "7"]
[White "valeriocarnicelli"]
[Black "scandalgod"]
[Result "1-0"]
[WhiteElo "2597"]
[BlackElo "2386"]
[TimeControl "180+1"]
[EndTime "11:20:49 PDT"]
[Termination "valeriocarnicelli won by resignation"]

1. e4 e5 2. Nf3 Nc6 3. d4 exd4 4.
Nxd4 Bc5 5. Nb3 Bb6 6. Nc3 Nf6 7. Bg5 h6 8. Bh4 d6 9. Qe2 Be6 10. Nd5 g5 11. Bg3 O-O 12. O-O-O Bxd5 13. exd5 Re8 14. Qf3 Ne5 15. Bxe5 Rxe5 16. h4 g4 17. Qf4 Kg7 18. Bd3 Qd7 19. c4 Rae8 20. Kb1 Ne4 21. Bxe4 Rxe4 22.
Qc1 Qf5 23. Qc3+ R8e5 24. Ka1 Re2 25. f3 g3 26. Nd4 Bxd4 27. Qxd4 Qc2 28. f4 Re4 29.
Qxa7 Rxf4 30. Rc1 Qxg2 31. Qxb7 Rf2 32. Rhg1 Qf3 33. Qb3 Re3 34. Qd1 Ree2 35. Qd4+ f6 36. a3 g2 37. Rc3 Rf1+ 38. Ka2 Qf4 39. Qxf4 Rxf4 40. Rg3+ Kf7 41. R3xg2 Rxg2 42. Rxg2 Rxc4 43. h5 Rc5 44. Rd2 Rc4 45. b4 Rh4 46. Rc2 Rxh5 47. Rxc7+ Kg6 48. b5 Rxd5 49. b6 h5 50. b7 Rb5 51. a4 Rb6 52. a5 Rb5 53. a6 h4 54. a7 h3 55. b8=Q 1-0

[Event "*** Titled Tuesday Blitz"]
[Site "Chess.com"]
[Date "2020.10.20"]
[Round "7"]
[White "Buffy7"]
[Black "KarstenHansch"]
[Result "0-1"]
[WhiteElo "2641"]
[BlackElo "2506"]
[TimeControl "180+1"]
[EndTime "11:20:51 PDT"]
[Termination "KarstenHansch won by checkmate"]

1. c4 e6 2. d4 d5 3. Nc3 Nf6 4. cxd5 exd5 5. Bg5 c6 6. Qc2 Be7 7. e3 Nbd7 8. Bd3 h6 9. Bh4 Nh5 10. Bxe7 Qxe7 11. O-O-O Nb6 12. Nf3 Bg4 13. Ne2 Bxf3 14.
gxf3 O-O-O 15. Kb1 Kb8 16. Rc1 Rhe8 17. Ng3 Nxg3 18.
hxg3 Nc8 19. Ka1 Nd6 20. Qb3 Qf6 21. Be2 Ka8 22. Rc5 Qe7 23. Rhc1 h5 24. Ra5 h4 25. Rg1 hxg3 26. Rxg3 Nf5 27. Rg4 Rh8 28. a3 Rh1+ 29. Ka2 g6 30. Bd3 Nd6 31. Rc5 Rdh8 32. e4 dxe4 33.
fxe4 R8h3 34. d5 Nb5 35. Qxb5 Rxd3 36. dxc6 Qe6+ 37. Rd5 bxc6 38. Qxd3 cxd5 39. Rg3 dxe4+ 40. Qb3 Qxb3+ 41. Kxb3 Rf1 42. Kc4 Rxf2 43. b4 f5 44.
Rxg6 e3 45. Kd3 f4 46. Rf6 Rd2+ 47. Kc3 Rf2 48. b5 e2 49. Kd2 f3 50. a4 Rf1 51.
a5 Rd1+ 52. Kc2 e1=Q 53. Rf8+ Kb7 54. Rf7+ Kc8 55. Rf8+ Kd7 56. Rf7+ Ke8 57. Rxf3 Qe2+ 58. Kb3 Qxf3+ 59. Kc4 Qe4+ 60. Kc3 Rd3+ 61. Kc2 Qe2+ 62. Kc1 Rd1# 0-1

[Event "*** Titled Tuesday Blitz"]
[Site "Chess.com"]
[Date "2020.10.20"]
[Round "7"]
[White "Tenamu"]
[Black "bait_or_mate"]
[Result "0-1"]
[WhiteElo "2409"]
[BlackElo "2587"]
[TimeControl "180+1"]
[EndTime "11:20:52 PDT"]
[Termination "bait_or_mate won by resignation"]

1. d4 Nf6 2. Nc3 d5 3. Bf4 a6 4.
e3 e6 5. a3 c5 6. Nf3 Nc6 7.
Be2 Bd6 8. dxc5 Bxc5 9. O-O O-O 10.
b4 Bd6 11. Qd2 Bxf4 12. exf4 Ne4 13. Nxe4 dxe4 14. Qxd8 Rxd8 15. Ng5 Nd4 16. Bd1 f5 17. c3 h6 18. cxd4 hxg5 19. fxg5 Rxd4 20. g3 Bd7 21. Bb3 Kf7 22. Rac1 Bc6 23. h4 Rd3 24. Bc4 Rd2 25. Bb3 Rd3 26. Bc4 Rxa3 27. Rfd1 Ke7 28. h5 Rh8 29. Be2 Rb3 30. Rc4 Rb2 31. Re1 Kd6 32.
Rd4+ Ke5 33. Rdd1 Rxb4 34. f4+ exf3 35. Bxf3+ Be4 36. g4 Kf4 37. Bxe4 fxe4 38. Rd7 Kxg4 39. h6 gxh6 40. g6 Rg8 41. g7 Kg5 42. Re2 Kg6 43.
Kh2 Kh7 44. Rg2 a5 45. Re7 a4 46. Rxe6 Rxg7 47. Ra2 b5 48. Re5 Rb3 49. Rxe4 a3 50. Re6 Rb2+ 51. Rxb2 axb2 52. Re1 Rc7 53. Rb1 Rc2+ 54.
Kg3 Kg6 55. Kg4 h5+ 56. Kf4 Kf6 57. Ke4 Kg5 58. Kd3 Rg2 59. Ke3 h4 60. Kf3 Rc2 61.
Ke3 h3 62. Kf3 h2 63. Ke3 Rc1 64. Rxb2 h1=Q 65. Rb4 Qh3+ 66. Kd4 Qc3+ 0-1

[Event "*** Titled Tuesday Blitz"]
[Site "Chess.com"]
[Date "2020.10.20"]
[Round "7"]
[White "AryanTari"]
[Black "UmbertoConcelli"]
[Result "1-0"]
[WhiteElo "2865"]
[BlackElo "2719"]
[TimeControl "180+1"]
[EndTime "11:20:53 PDT"]
[Termination "AryanTari won on time"]

1. e4 c5 2. Nf3 d6 3. Bc4 Nc6 4. O-O Nf6 5. Re1 Bg4 6. c3 e6 7. h3 Bh5 8. d4 Bxf3 9. gxf3 cxd4 10. cxd4 d5 11. exd5 Nxd5 12. Nc3 Be7 13. Bxd5 exd5 14. Bf4 O-O 15. Qd3 Bf6 16. Be3 Qd7 17. Kg2 Rfe8 18. Ne2 Rac8 19. Bd2 Re6 20. Bc3 Bh4 21. Ng3 Rce8 22.
Rxe6 Rxe6 23. Re1 Rxe1 24. Bxe1 g6 25. Bd2 Bf6 26. Ne2 Nd8 27. Be3 Ne6 28. b3 Ng7 29.
Ng3 Qc6 30. Bh6 Ne6 31. Ne2 Bg5 32. Bxg5 Nxg5 33. Qe3 Ne6 34. f4 Qc2 35. Ng3 Qd1 36. f5 Nxd4 37. Qe8+ Kg7 38. Qe5+ Kg8 39. Qxd5 Qd3 40.
f6 h6 41. Qxb7 Ne6 42. Qe4 Qd8 43. Qe5 Qa8+ 44. Kh2 Qc8 45. h4 h5 46. Qe4 Qd8 47.
Qf3 Qd2 48. Kg2 Kh7 49. Qe4 Qd4 50. Qxd4 Nxd4 51. Ne4 Ne6 52. Ng5+ Nxg5 53. hxg5 Kg8 54. f4 Kf8 55. b4 Ke8 56. b5 1-0

[Event "*** Titled Tuesday Blitz"]
[Site "Chess.com"]
[Date "2020.10.20"]
[Round "7"]
[White "Fusikk"]
[Black "nrvisakh"]
[Result "1-0"]
[WhiteElo "2544"]
[BlackElo "2698"]
[TimeControl "180+1"]
[EndTime "11:20:55 PDT"]
[Termination "Fusikk won by resignation"]

1. e4 c5 2. Nc3 Nc6 3. f4 g6 4.
Bb5 Bg7 5. Nf3 Nd4 6. a4 e6 7. e5 Ne7 8. Nxd4 cxd4 9. Ne4 O-O 10. Nd6 Nf5 11. Nxf5 gxf5 12. O-O d6 13. exd6 Qxd6 14.
Ra3 a6 15. Be2 Bd7 16. Rg3 Bxa4 17. Bd3 Bb5 18. Qh5 f6 19. Rh3 Bxd3 20. Qxh7+ Kf7 21. Qh5+ Ke7 22. Rxd3 Rh8 23. Qf3 Qc6 24. Qxc6 bxc6 25.
Rxd4 Rhd8 26. Rc4 Kd7 27. d3 Bf8 28. b3 Bd6 29. Bd2 Re8 30. g3 Kc7 31. Kg2 Kb7 32.
Bc3 Rf8 33. Re1 Rae8 34. Bb4 Bxb4 35. Rxb4+ Kc7 36. Ra1 Ra8 37. Ra5 Rfd8 38. Rc4 Rd5 39. Ra1 e5 40. fxe5 fxe5 41. Rf1 Rf8 42. Ra4 a5 43.
Rh4 Kb6 44. Rh5 e4 45. dxe4 Rd2+ 46. Rf2 Rxf2+ 47. Kxf2 fxe4+ 48. Ke2 Rf3 49. Re5 Rc3 50. Kd2 Rf3 51. Rxe4 Kb5 52. Re2 c5 53. Kc1 c4 54.
bxc4+ Kb4 55. Kb2 a4 56. Rg2 a3+ 57. Ka2 Kc3 58. c5 Rf8 59. g4 Rb8 60. c6 Rb2+ 61.
Kxa3 Rb6 62. Rg3+ Kc4 63. g5 Rxc6 64. g6 Rc8 65. g7 1-0

[Event "*** Titled Tuesday Blitz"]
[Site "Chess.com"]
[Date "2020.10.20"]
[Round "7"]
[White "avantage_ru"]
[Black "Firouzja2003"]
[Result "1/2-1/2"]
[WhiteElo "2839"]
[BlackElo "3009"]
[TimeControl "180+1"]
[EndTime "11:20:56 PDT"]
[Termination "Game drawn by agreement"]

1. e4 c5 2. Nf3 d6 3. d4 cxd4 4.
Nxd4 Nf6 5. f3 Nc6 6. c4 Qb6 7. Nc2 g6 8. Nc3 Bg7 9. Rb1 Ng4 10. Qd2 Nf6 11. Qf2 Qxf2+ 12. Kxf2 O-O 13. Be2 Nd7 14.
Nd5 f5 15. exf5 Nc5 16. f6 Bxf6 17. Nxf6+ Rxf6 18. Be3 Bf5 19. Rbc1 Ne5 20. Bxc5 dxc5 21. Ne3 Be6 22. Rhd1 Rc8 23. Bd3 b6 24. Be4 Kf8 25.
b3 Nf7 26. Bd5 Bxd5 27. Rxd5 Nd6 28. Ke2 Re6 29. Kf2 Kg7 30. Re1 Kf7 31. Ng4 Rxe1 32. Kxe1 Ke6 33. Re5+ Kf7 34. Ne3 e6 35. f4 h5 36. g3 Rd8 37. Ke2 Ne8 38. Nf1 Nd6 39.
Nd2 Nf5 40. Nf3 Kf6 41. Re4 a6 42. a4 a5 43. Re5 Rd6 44. Re4 Ne7 45. Ne5 Rd8 46.
Nf3 Nc6 47. Re3 Nb4 48. Ng5 Re8 49. Ne4+ Ke7 50. Ng5 Kd7 51. Nf3 Kd6 52. Re5 Nc6 53.
Rg5 Rg8 54. Ke3 Ke7 55. Ne5 Nxe5 56. Rxe5 Kf6 57. h4 Rd8 58. Ke2 Rd6 59. Re4 Kf5 60. Re5+ Kf6 61. Re4 Rd7 62. Re5 Rd4 63. Re3 Rd8 64.
Re5 Re8 65. Ke3 Re7 66. Ke2 Rf7 67. Ke3 Ke7 68. Ke2 Rf8 69. Ke3 Kd6 70. Ke2 Rf5 71.
Rxf5 exf5 72. Kf3 Kc6 73. Ke3 Kd6 1/2-1/2

[Event "*** Titled Tuesday Blitz"]
[Site "Chess.com"]
[Date "2020.10.20"]
[Round "7"]
[White "QuintilianoR"]
[Black "kuban1991"]
[Result "1/2-1/2"]
[WhiteElo "2670"]
[BlackElo "2818"]
[TimeControl "180+1"]
[EndTime "11:20:56 PDT"]
[Termination "Game drawn - insufficient material"]

1. d4 g6 2. c4 Bg7 3. Nc3 c5 4. d5 Bxc3+ 5. bxc3 f5 6. e4 fxe4 7. f3 e3 8. Bd3 Qa5 9. Ne2 d6 10. O-O Nd7 11. f4 Ngf6 12. Bxe3 Nb6 13. Ng3 Qa4 14. Qe2 Bg4 15. Qe1 O-O-O 16. h3 Bd7 17. Qe2 Rhe8 18. f5 Rg8 19. fxg6 hxg6 20. Bg5 Rde8 21. Rf4 Nh7 22. Bxe7 Rg7 23. Re4 Bf5 24. Nxf5 gxf5 25. Re3 f4 26. Bf5+ Nd7 27. Re6 f3 28. Bxd6 Rxe6 29.
Qxe6 b6 30. Be5 Rxg2+ 31. Kh1 Nf8 32. Qc6+ Qxc6 33. dxc6 Rg5 34. cxd7+ Nxd7 35. Bxd7+ Kxd7 36. Bf4 Rg2 37. Rd1+ Ke6 38. Rd2 Rg7 39. Rf2 Kf5 40.
Rxf3 Ke4 41. Rf1 Kd3 42. Be5 Rh7 43. Kg2 Kxc4 44. Kg3 Kd5 45. Bf6 b5 46. h4 a5 47.
Kg4 b4 48. h5 c4 49. Kg5 b3 50. axb3 cxb3 51. Ra1 Ra7 52. h6 a4 53. c4+ Kxc4 54. Bb2 Kd3 55. Rc1 Kd2 56. Rc4 a3 57. Bxa3 Rxa3 58. h7 Ra8 59. Rb4 Kc3 60. Rxb3+ Kxb3 61. Kg6 Kc4 62. Kg7 Kd5 63. h8=Q Rxh8 64. Kxh8 1/2-1/2

[Event "*** Titled Tuesday Blitz"]
[Site "Chess.com"]
[Date "2020.10.20"]
[Round "7"]
[White "ViditYT"]
[Black "DanielDardha2005"]
[Result "1-0"]
[WhiteElo "2916"]
[BlackElo "2631"]
[TimeControl "180+1"]
[EndTime "11:20:57 PDT"]
[Termination "ViditYT won by resignation"]

1. d4 Nf6 2. c4 e6 3. Nf3 Bb4+ 4. Bd2 Qe7 5. g3 b6 6. Bg2 Bb7 7. O-O Bxd2 8. Qxd2 O-O 9. Qf4 d6 10. Nc3 c5 11. Rad1 Rd8 12. d5 exd5 13. cxd5 a6 14. a4 Nbd7 15. Rfe1 Ne5 16. Nh4 Ng6 17. Nxg6 hxg6 18. e4 Re8 19. Qd2 Rab8 20. f4 b5 21.
axb5 axb5 22. e5 b4 23. Nb5 dxe5 24. fxe5 Qd7 25. Nd6 Rxe5 26. Rxe5 Qxd6 27. Rde1 Rd8 28. Qf4 Rc8 29. Re8+ Rxe8 30. Qxd6 Rxe1+ 31. Kf2 Re8 32. Bf3 c4 33. Qxb4 Bxd5 34. Bxd5 Nxd5 35. Qxc4 Nf6 36.
Qd4 Ne4+ 37. Kg2 f5 38. b4 Rc8 39. Qd3 Rb8 40. b5 Kh7 41. h4 Rb7 42. h5 gxh5 43.
Qd5 Re7 44. b6 g6 45. b7 Nf6 46. Qb3 Nd7 47. Qb4 Rf7 48. Qd6 Kg7 49. Qd4+ Kh7 50. Kf2 Kh6 51. Qe3+ Kh7 52. Qe8 Kg7 53. Qd8 Kh7 54. Qc7 Kg7 55. Kg1 Kh7 56. b8=Q Nxb8 57. Qxf7+ 1-0

[Event "*** Titled Tuesday Blitz"]
[Site "Chess.com"]
[Date "2020.10.20"]
[Round "7"]
[White "Borsuk_Konstantin"]
[Black "Lagmantr"]
[Result "1-0"]
[WhiteElo "2580"]
[BlackElo "2713"]
[TimeControl "180+1"]
[EndTime "11:20:58 PDT"]
[Termination "Borsuk_Konstantin won by checkmate"]

1. d4 Nf6 2. c4 c5 3. d5 g6 4. Nc3 Bg7 5. e4 O-O 6. h3 d6 7. Nf3 e6 8. Bd3 exd5 9. exd5 Re8+ 10. Be3 a6 11. a4 Nbd7 12. O-O Ne5 13. Nxe5 Rxe5 14. Bf4 Rh5 15. Be2 Rh4 16. Bg5 Rd4 17. Qb3 h6 18. Be3 Rh4 19. Rfe1 g5 20. Bf1 g4 21. g3 Rxh3 22. Bxh3 gxh3 23. f3 Bf5 24. Kh2 Qd7 25. Bf2 Bd3 26. Re3 Qf5 27. Bg1 Nh5 28. Ne4 Bxe4 29. Rxe4 Be5 30. Bf2 Kh8 31. Qe3 Rg8 32. Qxh6+ Qh7 33. Qxh7+ Kxh7 34. Kxh3 f5 35. Rh4 Kg6 36. Rb1 Bf6 37. Rxh5 Kxh5 38. b4 Bd4 39. Bxd4 cxd4 40. Rd1 Re8 41. Rxd4 Re3 42. Kg2 Rc3 43. a5 Kg5 44. c5 dxc5 45. d6 cxd4 46. d7 Kf6 47.
d8=Q+ Ke5 48. Qe7+ Kd5 49. Qd7+ Kc4 50. Qxb7 d3 51.
Qxa6+ Kxb4 52. Qb6+ Ka3 53. a6 Rc2+ 54. Kh3 d2 55. Qd6+ Kb2 56. a7 Rc1 57. a8=Q d1=Q 58. Qaa3+ Kb1 59. Qdb4+ Kc2 60. Qbb2# 1-0

[Event "*** Titled Tuesday Blitz"]
[Site "Chess.com"]
[Date "2020.10.20"]
[Round "7"]
[White "maxip32"]
[Black "sopo-tereladze"]
[Result "1-0"]
[WhiteElo "2433"]
[BlackElo "2299"]
[TimeControl "180+1"]
[EndTime "11:20:58 PDT"]
[Termination "maxip32 won by resignation"]

1. e4 e5 2. f4 exf4 3. Bc4 Ne7 4.
d4 Ng6 5. Nf3 c6 6. Nc3 Be7 7.
O-O O-O 8. Ne2 d5 9. exd5 cxd5 10. Bd3 Nc6 11. Nxf4 Nxf4 12. Bxf4 Bf6 13. c3 Bg4 14. h3 Bh5 15. Qc2 Bg6 16. Rae1 Qd7 17. Bxg6 hxg6 18. Ne5 Bxe5 19. Bxe5 Rae8 20. Bg3 Rxe1 21.
Rxe1 Re8 22. Rxe8+ Qxe8 23. Qb3 Qd7 24. Qb5 Ne5 25. Qa5 Nc6 26. Qc5 Qe6 27. Kh2 g5 28. b4 f5 29. b5 f4 30. Bxf4 gxf4 31. bxc6 bxc6 32. Qxa7 Qe3 33. Qb8+ Kh7 34. Qe5 Qg3+ 35. Kg1 Qxc3 36. Qxf4 Qa1+ 37. Kh2 Qxa2 38. Qf5+ Kg8 39.
Qe6+ Kh7 40. Qxc6 Qb3 41. Qe6 Qc4 42. Qe5 Kg6 43. Kg3 Qd3+ 44. Kg4 Qd1+ 45. Kg3 Qd3+ 46. Kh2 Qc4 47. h4 Kf7 48. h5 Qc6 49. Kh3 Qc8+ 50. g4 Qc3+ 51. Kh4 Qc4 52. g5 Qa2 53. g6+ Kf8 54.
Qf5+ Ke7 55. Qf7+ Kd6 56. Qf8+ Kc6 57. Qxg7 Qg2 58. Qf6+ Kb5 59. Qg5 Qh2+ 60. Kg4 Qe2+ 61. Kf5 Qe4+ 62. Kf6 Qxd4+ 63. Ke6 Qe4+ 64. Qe5 Qg4+ 65.
Kxd5 Kb6 66. Qe6+ 1-0

[Event "*** Titled Tuesday Blitz"]
[Site "Chess.com"]
[Date "2020.10.20"]
[Round "7"]
[White "Playgood28"]
[Black "teacher4chess"]
[Result "0-1"]
[WhiteElo "2278"]
[BlackElo "2063"]
[TimeControl "180+1"]
[EndTime "11:20:58 PDT"]
[Termination "teacher4chess won on time"]

1. d4 d5 2. c4 e6 3. Nc3 Be7 4.
Nf3 Nf6 5. Bg5 Ne4 6. Bxe7 Qxe7 7. cxd5 Nxc3 8. bxc3 exd5 9. e3 O-O 10. Be2 c6 11.
O-O Nd7 12. c4 dxc4 13. Bxc4 Nb6 14. Be2 Bf5 15. Qb3 Qe6 16. Qb2 Rfd8 17. a4 Qe7 18. a5 Nd5 19. Rfc1 Rac8 20. h3 Be4 21. Nd2 Bg6 22. Nc4 Qb4 23. Qxb4 Nxb4 24. Ne5 Be4 25. Ra3 f6 26. Nc4 Nd5 27. Rb3 Rc7 28. Nd2 Bg6 29.
Bf3 Bf7 30. Rb2 Rdd7 31. Ne4 b5 32. axb6 axb6 33. Nc3 b5 34. Nxd5 Bxd5 35. Bxd5+ Rxd5 36. Rbc2 Rd6 37. Rc5 Kf7 38. Rxb5 Ke6 39. Rbc5 Kd7 40. Kf1 Ra7 41. R1c2 Ra1+ 42. Ke2 Rg1 43. Kf3 Rf1 44. h4 g6 45. g3 Rh1 46. Ra5 Rf1 47. Ra7+ Ke6 48.
Rxh7 Kd5 49. Rh6 f5 0-1

[Event "*** Titled Tuesday Blitz"]
[Site "Chess.com"]
[Date "2020.10.20"]
[Round "7"]
[White "Skat2704"]
[Black "ChronicUnhappiness"]
[Result "1-0"]
[WhiteElo "2272"]
[BlackElo "2271"]
[TimeControl "180+1"]
[EndTime "11:20:58 PDT"]
[Termination "Skat2704 won by resignation"]

1. d4 d5 2. Nf3 Nf6 3. c4 e6 4.
Nc3 Bb4 5. Bg5 h6 6. Bh4 g5 7.
Bg3 Ne4 8. Qc2 h5 9. h4 g4 10.
Ne5 Nxg3 11. fxg3 Nd7 12. Nxd7 Bxd7 13. e3 Bd6 14. Ne2 c5 15. cxd5 exd5 16. Nf4 cxd4 17. exd4 Bxf4 18. gxf4 Qf6 19. Qd2 O-O 20. Be2 Rfe8 21.
O-O-O Re4 22. Rhf1 Rae8 23. Bd3 Re3 24. Rde1 Rxe1+ 25. Rxe1 Rxe1+ 26. Qxe1 Qxf4+ 27. Kb1 Qxd4 28. Bc2 Qf6 29. a3 Bf5 30. Qf2 Bxc2+ 31. Qxc2 g3 32. Qd3 Qe5 33. Ka2 d4 34. Qd2 Kg7 35. a4 Qe3 36. Qb4 d3 37. Qb5 Qe6+ 38. Kb1 Qe1+ 39.
Ka2 Qe6+ 40. Kb1 d2 41. Kc2 Qd6 42. Qg5+ Kf8 43. Qxh5 Qe6 44. Kxd2 Qd6+ 45. Ke2 Ke7 46. Ke1 Qe5+ 47. Qxe5+ Kf8 48. Qd6+ Kg7 49. Qb8 Kg6 50.
Qxb7 f6 51. Qe4+ Kf7 52. Qf3 f5 53. Qxg3 Ke6 54. Qf3 Kf6 55. h5 Ke5 56. h6 Kf6 57.
h7 Kg7 58. Qxf5 Kh8 59. Qd7 a5 60. Qc6 Kg7 61. Qb5 Kh8 62. Qxa5 1-0

[Event "*** Titled Tuesday Blitz"]
[Site "Chess.com"]
[Date "2020.10.20"]
[Round "7"]
[White "Beca95"]
[Black "W_Amadeus"]
[Result "1-0"]
[WhiteElo "2902"]
[BlackElo "2738"]
[TimeControl "180+1"]
[EndTime "11:21:00 PDT"]
[Termination "Beca95 won by resignation"]

1. d4 Nf6 2. Nf3 d5 3. Bg5 Ne4 4. h4 h6 5. Bf4 Bf5 6. e3 e6 7.
c3 Bd6 8. Nbd2 Bxf4 9. exf4 Nd7 10. Ne5 Nxe5 11. fxe5 Qe7 12. Nf3 O-O 13. Be2 c5 14. g3 Rac8 15. O-O f6 16. Kh2 Bg4 17. Ng1 Bxe2 18.
Qxe2 fxe5 19. f3 Nd6 20. dxe5 Nf5 21. f4 d4 22. Nf3 Rfd8 23. c4 Ne3 24. Rfc1 Qf7 25.
Ne1 Qf5 26. Nd3 Ng4+ 27. Kg1 Ne3 28. b3 Qh3 29. Qh2 Qf5 30. Qe2 Qh3 31. Qh2 Qf5 32.
Rd1 Kf7 33. Rd2 Rh8 34. h5 Rcg8 35. Nxc5 g6 36. Qh1 gxh5 37. Qxb7+ Kg6 38. Rh2 Rg7 39.
Qf3 Kh7 40. Ne4 Rf8 41. Rxh5 Qg6 42. Rh3 Nf5 43. Kf2 Kg8 44. Rah1 Ne3 45. Ke2 Ng4 46. Rh4 Nxe5 47. Qg2 Ng4 48. Kd3 e5 49. Rxg4 Qxg4 50. Rxh6 exf4 51. Qh1 fxg3 52. Rh8+ Kf7 53. Qf1+ Kg6 54.
Qxf8 Qd1+ 55. Nd2 g2 56. Qe8+ Kg5 57. Qe5+ Kg6 58. Qe4+ Kf7 59. Qe8+ Kf6 60. Rf8+ Kg5 61. Qe5+ Kg4 62. Qxg7+ Kh3 63. Rh8+ 1-0